2624 views
Uploaded 2020-02-27 23:22:18
Game version 1.32.2
16:05 long 1on1 ladder game on (2)Amazonia
Saved by BEARAND
2624 views
Uploaded 2020-02-27 23:22:18
Game version 1.32.2
16:05 long 1on1 ladder game on (2)Amazonia

19 units @ 1.9k
/ 0.1k
66 buildings @ 3.1k
/ 1.7k



| Scroll of Regeneration | 3 | 300 |
| Potion of Healing | 5 | 750 |
| Staff of Sanctuary | 2 | 500 |
| Staff of Teleportation | 3 | 450 |
| Boots of Speed | 3 | 750 |
| total: | 16 | 2750g |
| Peasant | 15 | 1125 | / | 0 |
| Priest | 2 | 270 | / | 20 |
| Sorceress | 1 | 155 | / | 20 |
| Goblin Shredder | 1 | 375 | / | 100 |
| total: | 19 | 1925g | / | 140w |
| Scout Tower | 55 | 1650 | / | 1100 |
| Arcane Tower | 6 | 420 | / | 300 |
| Guard Tower | 39 | 2730 | / | 1950 |
| Altar of Kings | 1 | 180 | / | 50 |
| Farm | 5 | 400 | / | 100 |
| Arcane Vault | 2 | 260 | / | 60 |
| Lumber Mill | 1 | 120 | / | 0 |
| Town Hall | 1 | 385 | / | 205 |
| Arcane Sanctum | 1 | 150 | / | 140 |
| Keep | 1 | 320 | / | 210 |
| Castle | 1 | 360 | / | 210 |
| total: | 66 | 3145g | / | 1655w |
| 0:01 | Peasant |
| 0:02 | Peasant |
| 0:08 | Altar of Kings |
| 0:12 | Peasant |
| 0:19 | Farm |
| 0:20 | Peasant |
| 0:34 | Peasant |
| 0:40 | Farm |
| 0:46 | Arcane Vault |
| 0:56 | Peasant |
| 0:59 | Scout Tower |
| 1:04 | Lumber Mill |
| 1:14 | Peasant |
| 1:19 | Peasant |
| 1:34 | Arcane Tower |
| 1:46 | Peasant |
| 1:48 | Peasant |
| 1:51 | Scout Tower |
| 1:57 | Peasant |
| 2:05 | Blizzard |
| 2:33 | Peasant |
| 2:34 | Peasant |
| 2:34 | Guard Tower |
| 2:36 | Scout Tower |
| 2:57 | Brilliance Aura |
| 3:05 | Guard Tower |
| 3:08 | Scout Tower |
| 3:22 | Peasant |
| 3:22 | Peasant |
| 3:43 | Keep |
| 3:44 | Scout Tower |
| 3:45 | Guard Tower |
| 4:07 | Farm |
| 4:16 | Guard Tower |
| 4:18 | Scout Tower |
| 4:18 | Scout Tower |
| 4:19 | Scout Tower |
| 4:24 | Staff of Teleportation |
| 4:24 | Boots of Speed |
| 4:34 | Improved Masonry |
| 4:38 | Farm |
| 4:52 | Guard Tower |
| 5:09 | Scroll of Regeneration |
| 5:36 | Guard Tower |
| 5:36 | Guard Tower |
| 5:39 | Scout Tower |
| 5:41 | Scout Tower |
| 5:41 | Scout Tower |
| 5:49 | Scout Tower |
| 5:50 | Scout Tower |
| 6:29 | Blizzard |
| 6:41 | Arcane Sanctum |
| 6:43 | Improved Lumber Harvesting |
| 6:43 | Advanced Masonry |
| 6:56 | Guard Tower |
| 6:57 | Guard Tower |
| 7:03 | Scroll of Regeneration |
| 7:31 | Storm Bolt |
| 7:38 | Scroll of Regeneration |
| 7:41 | Arcane Tower |
| 7:42 | Guard Tower |
| 8:23 | Town Hall |
| 8:26 | Scout Tower |
| 8:26 | Scout Tower |
| 8:30 | Scout Tower |
| 8:31 | Scout Tower |
| 8:31 | Scout Tower |
| 8:46 | Magic Sentry |
| 8:58 | Guard Tower |
| 8:58 | Arcane Tower |
| 9:19 | Arcane Tower |
| 9:20 | Scout Tower |
| 9:21 | Guard Tower |
| 9:22 | Guard Tower |
| 9:25 | Bash |
| 9:28 | Boots of Speed |
| 9:28 | Staff of Teleportation |
| 9:36 | Priest |
| 9:47 | Scout Tower |
| 9:48 | Scout Tower |
| 9:50 | Scout Tower |
| 9:50 | Guard Tower |
| 9:51 | Guard Tower |
| 10:09 | Farm |
| 10:19 | Goblin Shredder |
| 10:57 | Guard Tower |
| 10:57 | Guard Tower |
| 11:06 | Potion of Healing |
| 11:13 | Castle |
| 11:22 | Scout Tower |
| 11:23 | Scout Tower |
| 11:23 | Scout Tower |
| 11:24 | Scout Tower |
| 11:24 | Scout Tower |
| 11:25 | Scout Tower |
| 11:40 | Arcane Vault |
| 11:51 | Scout Tower |
| 11:52 | Scout Tower |
| 11:53 | Scout Tower |
| 11:53 | Scout Tower |
| 11:54 | Scout Tower |
| 11:54 | Scout Tower |
| 11:55 | Scout Tower |
| 11:55 | Scout Tower |
| 12:33 | Guard Tower |
| 12:35 | Guard Tower |
| 12:51 | Guard Tower |
| 12:53 | Guard Tower |
| 12:58 | Priest |
| 12:59 | Priest Adept Training |
| 12:59 | Sorceress Adept Training |
| 13:00 | Sorceress |
| 13:02 | Sorceress Master Training |
| 13:03 | Priest Master Training |
| 13:15 | Guard Tower |
| 13:17 | Guard Tower |
| 13:20 | Scout Tower |
| 13:21 | Scout Tower |
| 13:21 | Scout Tower |
| 13:22 | Scout Tower |
| 13:24 | Scout Tower |
| 13:24 | Scout Tower |
| 13:25 | Scout Tower |
| 13:25 | Scout Tower |
| 13:26 | Scout Tower |
| 13:26 | Scout Tower |
| 13:27 | Scout Tower |
| 13:27 | Scout Tower |
| 13:40 | Imbued Masonry |
| 13:52 | Staff of Sanctuary |
| 14:02 | Staff of Sanctuary |
| 14:21 | Arcane Tower |
| 14:21 | Arcane Tower |
| 14:22 | Guard Tower |
| 14:23 | Scout Tower |
| 14:24 | Scout Tower |
| 14:25 | Scout Tower |
| 14:25 | Scout Tower |
| 14:25 | Scout Tower |
| 14:26 | Scout Tower |
| 14:26 | Scout Tower |
| 14:36 | Staff of Teleportation |
| 14:41 | Holy Light |
| 14:47 | Boots of Speed |
| 14:53 | Guard Tower |
| 14:53 | Guard Tower |
| 14:56 | Guard Tower |
| 15:23 | Potion of Healing |
| 15:23 | Potion of Healing |
| 15:23 | Potion of Healing |
| 15:23 | Potion of Healing |
| 15:37 | Storm Bolt |
| 15:43 | Guard Tower |
| 15:45 | Guard Tower |
| 15:46 | Guard Tower |
| Right click | 1391 |
| Select | 553 |
| Build/train/purchase | 179 |
| Select group | 149 |
| Use ability | 34 |
| Assign group | 16 |
| Misc. action | 16 |
| Item give/drop | 11 |
| Remove unit | 3 |
/ 1k
15 buildings @ 2.3k
/ 0.9k


| Peon | 6 | 450 | / | 0 |
| Grunt | 3 | 600 | / | 0 |
| Troll Headhunter | 25 | 3500 | / | 500 |
| Kodo Beast | 4 | 1020 | / | 240 |
| Raider | 3 | 540 | / | 120 |
| Wind Rider | 2 | 530 | / | 80 |
| Spirit Walker | 2 | 390 | / | 70 |
| total: | 45 | 7030g | / | 1010w |
| Watch Tower | 2 | 220 | / | 160 |
| Altar of Storms | 1 | 180 | / | 50 |
| Orc Burrow | 7 | 1120 | / | 280 |
| Barracks | 1 | 180 | / | 50 |
| War Mill | 1 | 205 | / | 0 |
| Voodoo Lounge | 1 | 130 | / | 30 |
| Beastiary | 1 | 145 | / | 140 |
| Tauren Totem | 1 | 135 | / | 155 |
| Stronghold | 1 | 315 | / | 190 |
| total: | 15 | 2315g | / | 865w |
| 0:23 | Altar of Storms |
| 0:24 | Peon |
| 0:25 | Peon |
| 0:40 | Orc Burrow |
| 0:52 | Barracks |
| 0:55 | Peon |
| 1:40 | War Mill |
| 1:54 | Peon |
| 1:58 | Grunt |
| 2:04 | Grunt |
| 2:17 | Peon |
| 2:29 | Orc Burrow |
| 2:34 | Feral Spirit |
| 2:53 | Grunt |
| 2:55 | Troll Headhunter |
| 2:55 | Troll Headhunter |
| 3:11 | Peon |
| 3:23 | Orc Burrow |
| 3:47 | Troll Headhunter |
| 4:13 | Chain Lighting |
| 4:29 | Orc Burrow |
| 5:38 | Troll Headhunter |
| 5:38 | Troll Headhunter |
| 5:38 | Troll Headhunter |
| 5:43 | Stronghold |
| 5:56 | Voodoo Lounge |
| 6:00 | Steel Ranged Weapons |
| 6:41 | Chain Lighting |
| 7:23 | Watch Tower |
| 7:24 | Watch Tower |
| 8:12 | Troll Headhunter |
| 8:13 | Troll Headhunter |
| 8:22 | Beastiary |
| 8:42 | Feral Spirit |
| 9:07 | Troll Headhunter |
| 9:07 | Troll Headhunter |
| 9:50 | Tauren Totem |
| 10:12 | Healing Wave |
| 10:40 | Ensnare |
| 10:42 | Kodo Beast |
| 10:43 | Raider |
| 10:44 | Kodo Beast |
| 10:44 | Raider |
| 10:51 | Troll Headhunter |
| 10:52 | Troll Headhunter |
| 10:53 | Troll Headhunter |
| 10:53 | Troll Headhunter |
| 10:54 | Troll Headhunter |
| 10:55 | Troll Headhunter |
| 12:40 | Wind Rider |
| 12:41 | Raider |
| 12:43 | Troll Headhunter |
| 12:43 | Troll Headhunter |
| 12:43 | Troll Headhunter |
| 12:47 | Spirit Walker Adept Training |
| 12:48 | Spirit Walker |
| 12:49 | Spirit Walker |
| 14:02 | Orc Burrow |
| 14:04 | Orc Burrow |
| 14:05 | Orc Burrow |
| 14:18 | Troll Headhunter |
| 14:18 | Troll Headhunter |
| 14:18 | Troll Headhunter |
| 14:18 | Troll Headhunter |
| 14:19 | Troll Headhunter |
| 14:19 | Troll Headhunter |
| 14:36 | Chain Lighting |
| 14:39 | Serpent Ward |
| 15:09 | Wind Rider |
| 15:10 | Kodo Beast |
| 15:10 | Kodo Beast |
| Right click | 706 |
| Select | 148 |
| Build/train/purchase | 70 |
| Select group | 26 |
| Assign group | 8 |
| Use ability | 5 |
| Misc. action | 4 |
| Item give/drop | 1 |
| Remove unit | 1 |